Map: Thunderbird LE

Players

Probe - Winner!

  • Race: Protoss Protoss
  • Spawn Location: 5:00

PengWin

  • Race: Zerg Zerg
  • Spawn Location: 11:00

VOD

Have the link to the VOD?

Description

Time

  • Played on: Sept. 6, 2019, 2:54 p.m.
  • Length: 21:14
Show
View Real Time Build Order
Export as new Build Order

Probe Protoss - Winner!

Build Orders: 1 Gate Expand, Oracle Opening, Chargelot Immortal 

Get SALT Encoding   

  12  0:00  Probe  
  13  0:12  Probe  
  14  0:19  Pylon  
  14  0:25  Probe  
  15  0:34  Probe  
  15  0:38  Gateway  
  16  0:42  Probe  
  16  0:48  Assimilator  
  17  0:52  Probe  
  18  1:04  Probe  
  19  1:16  Probe  
  20  1:24  Nexus  
  20  1:34  Cybernetics Core  
  20  1:36  Probe  
  21  1:44  Assimilator  
  21  1:49  Probe  
  21  1:51  Pylon  
  22  2:00  Probe  
  23  2:01  Adept  
  23  2:09  Probe  
  26  2:17  Probe  
  27  2:23  Stargate  
  27  2:27  Probe  
  28  2:32  Probe  
  28  2:33  Stalker  
  31  2:39  Probe  
  31  2:40  Probe  
  31  2:41  Warp Gate  
  32  2:50  Probe  
  33  2:51  Probe  
  35  3:01  Oracle  
  35  3:02  Probe  
  35  3:03  Probe  
  37  3:11  Gateway  
  40  3:14  Probe  
  40  3:15  Probe  
  42  3:21  Pylon  
  42  3:26  Probe  
  43  3:28  Probe  
  43  3:30  Oracle  
  43  3:31  Pylon  
  44  3:38  Probe  
  44  3:40  Probe  
  49  3:45  Assimilator  
  49  3:47  Assimilator  
  49  3:50  Probe  
  49  3:51  Pylon  
  49  3:52  Probe  
  51  4:00  Robotics Facility  
  51  4:03  Probe  
  51  4:04  Probe  
  51  4:07  Pylon  
  53  4:15  Probe  
  53  4:16  Probe  
  55  4:18  Phoenix  
  57  4:26  Pylon  
  57  4:27  Probe  
  58  4:34  Sentry x2  
  58  4:35  Immortal  
  58  4:37  Gateway  
  62  4:39  Gateway  
  62  4:45  Forge  
  66  4:53  Gateway  
  66  4:55  Gateway, Twilight Council  
  66  5:08  Immortal  
  66  5:13  Zealot  
  66  5:14  Zealot  
  70  5:17  Shield Battery  
  74  5:21  Charge  
  74  5:31  Protoss Ground Weapons Level 1  
  74  5:38  Pylon  
  74  5:40  Zealot x4  
  82  5:49  Immortal  
  86  5:57  Probe  
  87  6:05  Gateway  
  87  6:07  Templar Archives, Gateway  
  87  6:16  Pylon x2  
  87  6:28  Nexus  
  87  6:34  Immortal  
  89  6:47  Psionic Storm  
  89  6:48  Probe x2  
  89  6:50  Pylon  
  91  6:54  Zealot  
  91  6:55  Zealot x4  
  101  7:01  Probe  
  101  7:03  Phoenix  
  101  7:07  Pylon  
  103  7:10  Stargate  
  106  7:18  Photon Cannon  
  106  7:21  Photon Cannon  
  102  7:23  Phoenix  
  101  7:36  Probe x2  
  103  7:40  Phoenix  
  103  7:43  Stargate  
  101  7:58  Stalker x3  
  101  7:59  Stalker  
  109  8:08  Phoenix  
  109  8:11  Pylon x2  
  108  8:13  Pylon  
  108  8:21  Phoenix  
  108  8:24  Pylon  
  108  8:25  Pylon  
  107  8:27  Pylon  
  107  8:38  High Templar x2  
  107  8:41  Phoenix x2  
  111  8:43  Archon  
  115  8:57  Pylon  
  115  8:58  Nexus  
  115  9:01  Phoenix  
  115  9:03  Fleet Beacon  
  115  9:09  Phoenix  
  119  9:19  Probe  
  118  9:27  Phoenix  
  120  9:34  Anion Pulse-Crystals  
  120  9:35  Phoenix  
  120  9:37  Phoenix  
  124  9:39  Nexus  
  124  9:40  Pylon  
  124  9:44  Zealot  
  126  10:01  Shield Battery  
  126  10:03  Shield Battery x2, Phoenix  
  128  10:09  Phoenix  
  130  10:18  Phoenix  
  132  10:34  Phoenix  
  134  10:38  Zealot x3  
  138  10:45  Shield Battery  
  138  10:46  Shield Battery  
  138  10:47  Shield Battery, Phoenix  
  140  10:54  Stalker  
  140  11:00  Phoenix  
  140  11:09  Phoenix  
  142  11:12  Probe x2  
  142  11:15  Probe  
  145  11:19  Observer  
  145  11:25  Phoenix  
  148  11:37  Assimilator  
  148  11:38  Assimilator  
  148  11:41  Observer  
  149  11:49  Nexus  
  149  11:52  Phoenix x2  
  153  12:05  Probe x2  
  153  12:07  Carrier  
  161  12:11  Observer  
  161  12:13  Protoss Air Weapons Level 1  
  161  12:15  Probe  
  161  12:16  Pylon  
  161  12:24  Pylon, Probe x2  
  161  12:27  Probe  
  161  12:28  Phoenix x2  
  168  12:46  Stargate  
  168  12:48  Phoenix  
  168  12:50  Photon Cannon  
  168  12:51  Photon Cannon  
  168  12:52  Phoenix  
  168  12:53  Photon Cannon  
  172  13:01  Probe x2  
  172  13:02  Probe  
  172  13:03  Probe  
  172  13:04  Photon Cannon  
  175  13:09  Probe x2  
  175  13:10  Probe  
  176  13:15  Probe  
  176  13:16  Phoenix  
  176  13:17  Probe  
  182  13:23  Phoenix  
  185  13:30  Cybernetics Core  
  185  13:34  Stargate  
  185  13:38  Assimilator  
  185  13:42  Assimilator  
  185  13:44  Phoenix x3  
  186  13:49  Oracle  
  188  14:06  Phoenix  
  188  14:07  Phoenix  
  188  14:09  Phoenix  
  172  14:17  Stalker  
  172  14:18  Stalker x5  
  174  14:24  Phoenix  
  174  14:26  Phoenix  
  174  14:30  Phoenix  
  176  14:34  Probe  
  176  14:35  Probe x2  
  183  14:39  Probe  
  184  14:47  Probe x2  
  184  14:51  Stalker x6  
  185  15:02  Phoenix x2  
  183  15:08  Probe x3  
  186  15:14  Phoenix x2  
  186  15:17  Phoenix  
  192  15:24  Phoenix  
  192  15:28  Nexus  
  192  15:35  High Templar  
  196  15:38  High Templar  
  196  15:57  Phoenix  
  192  16:05  Protoss Air Armor Level 1  
  192  16:08  Protoss Air Weapons Level 2  
  180  16:12  Archon  
  180  16:14  Phoenix x3  
  175  16:31  Zealot x8  
  189  16:36  Phoenix x2  
  189  16:39  Phoenix  
  181  16:59  Nexus  
  172  17:13  Nexus  
  170  17:16  High Templar x2  
  170  17:17  High Templar  
  170  17:18  High Templar  
  160  17:48  High Templar x3  
  166  17:53  Zealot  
  166  17:54  Zealot x3  
  174  18:02  Phoenix  
  166  18:14  Stalker x2  
  166  18:16  Pylon  
  166  18:17  Zealot x3  
  172  18:30  Observer  
  171  18:51  Observer  
  171  18:52  Zealot x8  
  171  18:53  Nexus  
  172  19:07  Nexus  
  162  19:21  Zealot x3  
  162  19:22  Zealot x5  
  178  19:40  Observer  
  178  19:44  Stalker  
  178  19:45  Zealot x5, Stalker  
  190  19:51  Pylon  
  190  20:00  Stalker  
  190  20:01  Observer  
  193  20:09  Nexus  
  190  20:23  Stalker  
  190  20:24  Stalker x3  
  195  20:41  Zealot  
  195  20:42  Zealot  
  189  20:51  Stalker x2  
Show
View Real Time Build Order
Export as new Build Order

PengWin Zerg 

Build Orders: Hatch First, Swarm Host 

Get SALT Encoding   

  12  0:00  Drone  
  13  0:12  Overlord  
  13  0:20  Drone  
  14  0:31  Drone x2  
  16  0:37  Drone  
  17  0:51  Hatchery  
  17  0:55  Drone  
  17  0:57  Drone  
  17  1:00  Extractor  
  17  1:13  Spawning Pool  
  17  1:16  Drone  
  17  1:19  Drone  
  18  1:28  Drone  
  19  1:39  Overlord  
  19  2:00  Metabolic Boost, Queen  
  21  2:01  Zergling x2  
  21  2:02  Zergling x2  
  21  2:04  Queen  
  21  2:07  Drone  
  26  2:11  Drone  
  27  2:16  Drone  
  27  2:22  Drone  
  29  2:30  Drone  
  30  2:40  Queen  
  30  2:41  Zergling x2  
  30  2:44  Lair  
  33  2:47  Drone  
  33  2:48  Extractor  
  33  2:51  Drone x2  
  33  2:54  Overlord  
  35  3:03  Drone  
  36  3:10  Overlord x2  
  36  3:13  Drone x2  
  36  3:14  Drone  
  36  3:19  Drone  
  41  3:20  Drone  
  41  3:25  Spore Crawler  
  40  3:29  Drone x2  
  40  3:31  Drone  
  43  3:40  Extractor  
  42  3:50  Drone x9  
  51  3:58  Spore Crawler  
  51  4:00  Roach Warren  
  48  4:15  Infestation Pit, Extractor  
  46  4:23  Drone x4  
  46  4:24  Drone  
  51  4:32  Drone  
  51  4:33  Overlord  
  51  4:34  Overlord x2  
  52  4:50  Nydus Network  
  51  4:55  Swarm Host x5  
  66  5:00  Swarm Host x3  
  74  5:19  Spire  
  73  5:22  Hatchery  
  72  5:32  Nydus Canal  
  72  5:39  Overlord x3  
  71  5:45  Spine Crawler  
  71  5:46  Spine Crawler  
  71  5:48  Spine Crawler  
  68  6:02  Drone x3  
  68  6:03  Drone x5  
  76  6:12  Spine Crawler  
  76  6:15  Nydus Canal  
  75  6:22  Zergling x8  
  75  6:23  Spine Crawler  
  75  6:24  Spine Crawler  
  77  6:38  Nydus Canal  
  76  7:02  Mutalisk x9  
  76  7:03  Mutalisk  
  76  7:06  Drone  
  97  7:14  Nydus Canal  
  97  7:17  Overlord x2  
  97  7:23  Zerg Flyer Weapons Level 1  
  97  7:34  Nydus Canal  
  96  7:38  Mutalisk  
  98  7:48  Drone x7  
  98  7:49  Drone x7  
  112  8:03  Extractor  
  112  8:05  Extractor  
  110  8:18  Drone x8  
  113  8:22  Drone  
  113  8:23  Drone x2  
  109  8:36  Nydus Canal  
  109  8:40  Corruptor x2, Overlord x2  
  110  8:52  Spore Crawler  
  109  8:56  Corruptor x2  
  109  8:58  Overlord  
  109  8:59  Zergling x2  
  109  9:00  Zergling x20  
  124  9:08  Corruptor  
  124  9:09  Corruptor  
  128  9:25  Mutalisk  
  128  9:26  Mutalisk x5  
  128  9:29  Zerg Flyer Armor Level 1  
  134  9:46  Overlord x3  
  134  9:47  Zergling x6  
  137  9:55  Hatchery  
  136  10:05  Spire  
  135  10:09  Corruptor  
  135  10:10  Corruptor x4  
  145  10:27  Nydus Canal  
  142  10:34  Corruptor x2  
  143  10:37  Mutalisk x3  
  148  11:15  Hive  
  148  11:16  Queen  
  148  11:18  Drone x2  
  152  11:19  Corruptor x3  
  152  11:22  Zergling x14  
  152  11:23  Zergling x4  
  165  11:42  Nydus Canal  
  165  12:00  Overlord x3  
  162  12:07  Extractor  
  162  12:08  Spore Crawler  
  160  12:09  Spore Crawler  
  160  12:11  Extractor  
  160  12:12  Zerg Flyer Weapons Level 2  
  160  12:13  Zerg Flyer Armor Level 2  
  158  12:21  Mutalisk x2  
  158  12:22  Mutalisk  
  164  12:29  Drone  
  165  12:30  Drone x4  
  168  12:38  Viper x2  
  168  12:39  Viper x2  
  180  12:47  Drone  
  180  12:48  Overlord x2, Drone x7  
  180  12:49  Overlord x2  
  180  12:50  Overseer x2  
  180  12:51  Pneumatized Carapace  
  188  12:54  Burrow  
  188  12:58  Evolution Chamber  
  187  13:19  Hatchery  
  186  13:23  Mutalisk x6  
  198  13:29  Zerg Melee Weapons Level 1  
  198  13:31  Nydus Canal  
  167  14:19  Corruptor x10  
  167  14:20  Corruptor  
  189  14:33  Pathogen Glands  
  186  14:41  Zerg Flyer Armor Level 3  
  175  15:09  Drone x2  
  175  15:10  Drone x13  
  175  15:11  Queen  
  192  15:17  Overseer x2  
  192  15:21  Viper x2  
  198  15:29  Neural Parasite  
  168  16:22  Infestor x9  
  166  16:52  Corruptor x6  
  162  17:07  Zergling x2  
  162  17:08  Extractor x2, Zergling x44  
  161  17:16  Corruptor  
  153  17:35  Drone x6  
  153  17:36  Drone x4  
  150  17:38  Queen  
  150  17:39  Drone  
  150  17:40  Drone x2  
  155  17:55  Adrenal Glands  
  155  18:08  Infestor x9  
  149  18:24  Infestor x7  
  145  18:33  Corruptor x6  
  156  18:36  Zergling x2  
  156  18:37  Zergling x32  
  156  18:40  Queen  
  173  18:41  Baneling Nest  
  155  19:08  Zergling x8  
  155  19:09  Zergling x16  
  121  19:52  Drone x2  
  121  19:53  Drone x2  
  121  19:54  Zergling x18  
  121  19:55  Zergling x6  
  127  20:04  Hatchery  
  121  20:09  Hatchery  
  121  20:11  Zergling x2  
  121  20:12  Zergling x6  
Tags
 
Add a new tag
Caveats
  • Supply blocks, unpowered buildings, or Contaminate may cause inaccurate times.
  • Supply counts are checked every 10 seconds.